 Dungeon Crawl Stone Soup version 0.29-a0-340-g6efceafd81 (webtiles) character file.

Game seed: 12326528580799471422

22 pascalblue the Digger (level 2, 0/15 HPs)
             Began as a Deep Elf Earth Elementalist on Apr 19, 2022.
             Slain by a bat (1 damage)
             ... on level 1 of the Dungeon.
             The game lasted 00:01:51 (712 turns).

pascalblue the Digger (Deep Elf Earth Elementalist)  Turns: 712, Time: 00:01:53

Health: 0/15       AC:  2    Str:  5    XL:     2   Next: 68%
Magic:  7/8        EV: 12    Int: 19    God:
Gold:   66         SH:  0    Dex: 15    Spells: 6/7 levels left

rFire   . . .      SeeInvis .   j - +0 short sword
rCold   . . .      Faith    .   (no shield)
rNeg    . . .      Spirit   .   b - +0 robe
rPois   .          Reflect  .   (no helmet)
rElec   .          Harm     .   (no cloak)
rCorr   .          Rampage  .   (no gloves)
Will    .....                   (no boots)
Stlth   ++........              (no amulet)
HPRegen 0.05/turn               (no ring)
MPRegen 0.11/turn               (no ring)

@: no status effects
A: no striking features
a: no special abilities


You were on level 1 of the Dungeon.
You visited 1 branch of the dungeon, and saw 1 of its levels.

You collected 66 gold pieces.

Inventory:

Hand Weapons
 h - a +0 dagger
 j - a +0 short sword (weapon)
Missiles
 a - 16 stones
Armour
 b - a +0 robe (worn)
Scrolls
 f - a scroll of holy word {unknown}
 i - a scroll of immolation {unknown}
Potions
 c - a potion of magic
 d - a potion of might {unknown}
 e - 2 potions of cancellation {unknown}
 g - a potion of resistance {unknown}
 k - a potion of mutation {unknown}


   Skills:
 - Level 2.4 Dodging
 - Level 2.4 Stealth
 + Level 3.3 Spellcasting
 + Level 1.1 Transmutations
 * Level 4.2 Earth Magic


You had 6 spell levels left.
You knew the following spells:

 Your Spells              Type           Power      Damage    Failure   Level
a - Sandblast             Erth           38%        2d10      2%          1

Your spell library contained the following spells:

 Spells                   Type           Power      Damage    Failure   Level
 Passwall                 Tmut/Erth      10%        N/A       8%          2
 Stone Arrow              Conj/Erth      22%        3d8       19%         3
 Petrify                  Tmut/Erth      13%        N/A       43%         4


Dungeon Overview and Level Annotations

Branches:
Dungeon (1/15)

Altars:


Message History

The hobgoblin barely misses you.
A kobold comes into view. It is wielding a +0 dagger.
You see here a scroll labelled KINIVVEZOI.
You hit the hobgoblin.
You kill the hobgoblin!
You closely miss the kobold. The kobold misses you.
You closely miss the kobold. The kobold barely misses you.
You closely miss the kobold.
A bat comes into view.
The kobold closely misses you.
You barely miss the kobold. The kobold hits you with a +0 dagger.
You hit the kobold but do no damage. The bat barely misses you.
The kobold barely misses you.
You hit the kobold.
You kill the kobold!
The bat closely misses you. The bat barely misses you.
You closely miss the kobold. The bat misses you. The bat closely misses you.
The kobold hits you but does no damage. The kobold barely misses you.
You closely miss the kobold. The bat hits you but does no damage.
The kobold barely misses you.
You closely miss the kobold. The bat closely misses you. The bat misses you.
The kobold hits you with a +0 dagger.
You hit the kobold.
You kill the kobold!
The bat barely misses you. The dart slug launches a dart at you.
The slug dart hits you.
* * * LOW HITPOINT WARNING * * *
The bat barely misses you. The bat completely misses you.
Things that are here:
a +0 dagger; a +0 dagger; a kobold corpse
Casting: Sandblast (safe; 2% risk of failure)
Confirm with . or Enter, or press ? or * to list all spells.
Aiming: Sandblast (safe; 2% risk of failure)
Press: ? - help, Shift-Dir - straight line, f - dart slug
Aim: a dart slug (100% to hit)
The blast of sand hits the dart slug!
The dart slug is severely wounded.
The bat hits you.
You die...

## #. # .. .# .# ##
#. # .# .#..# ##. #.
#w#.# ...#(##@#.# ..
..#.b#..# #.
#...#.##.#.# ######
... #.$......#
#....##...
##..#....#
#....#..).
##......###.........
##.......#....#
##..#..†#....###..
##..............#


You could see a dart slug and a bat.

Vanquished Creatures
  A dart slug (D:1)
  A bat (D:1)
  A giant cockroach (D:1)
  2 hobgoblins (D:1)
  A jackal (D:1)
  2 quokkas (D:1)
  3 frilled lizards (D:1)
  2 goblins (D:1)
  5 kobolds (D:1)
  3 rats (D:1)
21 creatures vanquished.

Notes
Turn   | Place    | Note
-------+----------+-------------------------------------------
     0 | D:1      | pascalblue the Deep Elf Earth Elementalist began the quest
                  | for the Orb.
     0 | D:1      | Reached XP level 1. HP: 10/10 MP: 6/6
   400 | D:1      | Reached XP level 2. HP: 7/15 MP: 8/8
   606 | D:1      | Reached skill level 4 in Earth Magic
   712 | D:1      | Slain by a bat

Illustrated notes

Levels and vault maps discovered:
D:1:      eino_arrival_water_star, layout_rooms, minmay_small_reverse_x

Skill      XL: |  1  2 |
---------------+-------+-----
Earth Magic    | 4 |  4.2
Dodging        | |  2.4
Stealth        | |  2.4
Spellcasting   | |  3.3
Transmutations | |  1.1

Action                   || total
-------------------------++-------
Melee: Dagger            ||    21
       Unarmed           ||     9
       Punch             ||     1
       Short sword       ||    31
 Cast: Sandblast         ||    14
 Stab: Sleeping          ||     2
Armor: Robe              ||    14
Dodge: Dodged            ||    66

Table legend: (Time is in decaauts)
 A = Elapsed time spent in this place.
 B = Non-inter-level travel time spent in this place.
 C = Inter-level travel time spent in this place.
 D = Time resting spent in this place.
 E = Time spent auto-exploring this place.
 F = Levels seen in this place.
 G = Mean time per level.
                   A        B        C        D        E       F      G
               +--------+--------+--------+--------+--------+-----+--------+
         Total |    715 |    715 |      0 |     74 |    432 |   1 |  715.0 |
       Dungeon |    715 |    715 |      0 |     74 |    432 |   1 |  715.0 |
               +--------+--------+--------+--------+--------+-----+--------+

Top non-repeatable levels by time:
     D:1: 715 daAuts
